 Dungeon Crawl Stone Soup version 0.30.0-29-ga12c61a403 (webtiles) character file.

Game seed: 15370661823706275915

111 olmar the Insei (level 4, 0/28 HPs)
             Began as an Octopode Transmuter on June 6, 2023.
             Slain by Sigmund
             ... wielding a +0 scythe
              (10 damage)
             ... on level 3 of the Dungeon.
             The game lasted 00:04:35 (2028 turns).

olmar the Insei (Octopode Transmuter)               Turns: 2028, Time: 00:04:36

Health: 0/28       AC:  1    Str: 23    XL:     4   Next: 92%
Magic:  6/7        EV: 14    Int: 15    God:
Gold:   131        SH:  0    Dex: 18    Spells: 5/8 levels left

rFire   . .          .
                       - Unarmed
rCold   . . .        (no shield)
rNeg    . . .        (helmet currently unavailable)
rPois   .            l - amulet of regeneration
rElec   .            d - +6 ring of strength
rCorr   .            j - +6 ring of strength
SInv    .            k - +6 ring of dexterity
Will    .....        (no ring)
Stlth   +++          (no ring)
HPRegen 1.04/turn    (no ring)
MPRegen 0.10/turn    (no ring)
                     (no ring)

%: no passive effects
@: appendages, hasted, very quick
A: tentacle spike 3, almost no armour, amphibious, 8 rings, camouflage 1,
gelatinous body 1, (nimble swimmer 1), tentacles
a: End Transformation


You were on level 3 of the Dungeon.
One of your tentacles had grown a beastly spike.
You visited 1 branch of the dungeon, and saw 4 of its levels.

You collected 131 gold pieces.

Inventory:

Missiles
 g - 9 poisoned darts
Jewellery
 d - a +6 ring of strength (left tentacle)
 j - a +6 ring of strength (right tentacle)
 k - a +6 ring of dexterity (on tentacle)
 l - an amulet of regeneration (around mantle)
Scrolls
 a - a scroll of enchant weapon {unknown}
 f - a scroll of identify
 h - a scroll of vulnerability {unknown}
 n - a scroll of fear {unknown}
 p - a scroll of blinking {unknown}
Potions
 b - a potion of curing {unknown}
 e - a potion of brilliance {unknown}
 i - a potion of cancellation {unknown}
 m - a potion of ambrosia {unknown}
 o - a potion of mutation {unknown}


   Skills:
 + Level 1.1 Fighting
 + Level 2.5 Dodging
 + Level 2.0 Stealth
 + Level 4.1 Unarmed Combat
 + Level 2.5 Spellcasting
 + Level 2.7 Transmutations


You had 5 spell levels left.
You knew the following spells:

 Your Spells              Type           Power      Damage    Failure   Level
a - Beastly Appendage     Tmut           20%        N/A       7%          1
b - Wereblood             Tmut           10%        N/A       11%         2

Your spell library contained the following spells:

 Spells                   Type           Power      Damage    Failure   Level
 Lesser Beckoning         Tloc           2%         N/A       32%         2
 Spider Form              Tmut/Pois      5%         N/A       36%         3
 Gell's Gravitas          Tloc           1%         N/A       54%         3
 Teleport Other           Tloc           1%         N/A       54%         3
 Ice Form                 Ice/Tmut       5%         N/A       77%         4


Dungeon Overview and Level Annotations

Branches:
Dungeon (4/15)
 Temple: D:4-7

Altars:
Nemelex Xobeh
Qazlal

Annotations:
D:3 Sigmund


Innate Abilities, Weirdness & Mutations

One of your tentacles has grown a beastly spike.
You cannot wear most types of armour.
You are amphibious.
You can wear up to eight rings at the same time.
Your skin changes colour to match your surroundings (Stealth+).
Your rubbery body absorbs attacks. (AC +1, EV +1)
((You are camouflaged when in or above water. (Stealth+)))
You have tentacles for arms and can constrict up to eight enemies at once.


Message History

You now have 131 gold pieces (gained 13).
You howl as the wereblood boils in your veins!
You start resting.
Your primal bloodlust is almost over.
HP restored.
Your primal bloodlust has ended.
Magic restored.
You see here a worm corpse.
Items here: )) [ †.
g - 9 poisoned darts (gained 6)
Things that are here:
a +0 dagger; a +0 leather armour
Found a glaive.
You see here a +2 dagger of speed.
(D) Dungeon
Where to? (Enter - D:3, ? - help) Unknown command.
You see here a +0 glaive.
Okay, then.
It was a potion of haste.
You feel yourself speed up.
Casting: Beastly Appendage (safe; 7% risk of failure)
Confirm with . or Enter, or press ? or * to list all spells.
One of your tentacles grows a vicious spike.
Unknown command.
Sigmund hits you from afar with a +0 scythe!
You tentacle-slap Sigmund. Your grab misses Sigmund.
Sigmund is lightly wounded.
Sigmund casts a spell.
Sigmund flickers and vanishes!
Deactivating autopickup; reactivate with Ctrl-A.
You miss something. You squeeze something. Something hits you.
You tentacle-slap something. You closely miss something.
Your tentacle spike misses something.
You miss something.
Your tentacle spike misses something.
Your tentacle-slap misses something.
Something hits you!
* * * LOW HITPOINT WARNING * * *
You tentacle-slap something but do no damage.
Your squeeze misses something. You barely miss something. Something hits you!
You die...

.≈...≈.≈......# #.##
.≈._†..≈......# ####.####
.≈...≈.≈.########.......#
.≈≈≈≈≈...# #......#.##.#
§..§...≈.# #.###..#.# #
§≈§≈≈≈≈≈.# #.###..#.# #
....§..§.......>#..#.##.#
#############.#.#.)..)..#
#..{@.......#
###......#### ########


There were no monsters in sight!

Vanquished Creatures
  Terence (D:3)
  An adder (D:3)
  A worm (D:3)
  A dart slug (D:1)
  6 orcs (D:3)
  4 ball pythons
  8 bats
  4 endoplasms
  2 giant cockroaches
  6 goblins
  8 hobgoblins
  8 kobolds
  2 quokkas (D:1)
  A frilled lizard (D:3)
  4 rats
57 creatures vanquished.

Notes
Turn   | Place    | Note
-------+----------+-------------------------------------------
     0 | D:1      | olmar the Octopode Transmuter began the quest for the Orb.
     0 | D:1      | Reached XP level 1. HP: 13/13 MP: 3/3
   174 | D:1      | Reached XP level 2. HP: 14/18 MP: 5/5
   760 | D:2      | Reached XP level 3. HP: 16/23 MP: 4/6
  1011 | D:2      | You fall into a shaft and drop 2 floors!
  1017 | D:3      | Noticed Terence
  1153 | D:3      | Killed Terence
  1154 | D:3      | Reached skill level 1 in Stealth
  1154 | D:3      | Reached XP level 4. HP: 28/28 MP: 7/7
  1247 | D:3      | Learned a level 2 spell: Wereblood
  1813 | D:3      | Found a stormy altar of Qazlal.
  1843 | D:3      | Noticed Sigmund
  1881 | D:3      | Reached skill level 4 in Unarmed Combat
  1882 | D:3      | Found a sparkling altar of Nemelex Xobeh.
  2028 | D:3      | Slain by Sigmund

Illustrated notes

Levels and vault maps discovered:
D:1:      dpeg_arrival_chambers_temple_mockup, layout_rooms
D:2:      layout_loops_ring, minmay_ruptured
D:3:      layout_loops_cross, mainiacjoe_overflow_brackets,
          mainiacjoe_overflow_catch_the_wave,
          mainiacjoe_overflow_concentric_impassable,
          chequers_serial_rivers_marsh, uniq_terence, uniq_sigmund, uniq_robin
D:4:      layout_cave_pods, lemuel_crystal_altar, kennysheep_little_box

Skill      XL: |  1  2  3  4 |
---------------+-------------+-----
Stealth        | 1 2 |  2.0
Unarmed Combat | 4 |  4.1
Fighting       | |  1.1
Dodging        | |  2.5
Spellcasting   | |  2.5
Transmutations | |  2.7

Action                     |  1- 3 |  4- 6 || total
---------------------------+-------+-------++-------
  Melee: Unarmed           |    65 |    55 ||   120
         Constrict         |    14 |    12 ||    26
         Tentacles         |     6 |     4 ||    10
         Kick              |     5 |     8 ||    13
         Punch             |       |     2 ||     2
   Cast: Beastly Appendage |     7 |     4 ||    11
         Wereblood         |       |     4 ||     4
    Use: Scroll            |     4 |       ||     4
         Potion            |     1 |     1 ||     2
   Stab: Sleeping          |     4 |     6 ||    10
 Armour: Skin              |     8 |     3 ||    11
  Dodge: Dodged            |    49 |    35 ||    84
